 Dungeon Crawl Stone Soup version 0.26.1-10-gdfb7c7de75 (webtiles) character file.

Game seed: 8786822258927510485

65 Gildeon the Skirmisher (level 3, -3/36 HPs)
             Began as a Troll Fighter on Mar 30, 2021.
             Was an Initiate of Makhleb.
             Killed from afar by a white imp (8 damage)
             ... with a puff of frost
             ... summoned by Natasha
             ... on level 3 of the Dungeon on Apr 1, 2021.
             The game lasted 00:03:13 (1698 turns).

Gildeon the Skirmisher (Troll Fighter)              Turns: 1698, Time: 00:03:14

Health: -3/36      AC:  6    Str: 24    XL:     3   Next: 94%
Magic:  2/2        EV: 10    Int:  4    God:    Makhleb [......]
Gold:   92         SH:  0    Dex: 10    Spells: 2/2 levels left

rFire    . . .     SeeInvis .     - Unarmed
rCold    . . .     Faith    .   (no shield)
rNeg     . . .     Spirit   .   a - +0 robe
rPois    .         Reflect  .   (helmet restricted)
rElec    .         Harm     .   (no cloak)
rCorr    .         Rampage  .   (gloves unavailable)
Will     .....     Rnd*Tele +   (boots unavailable)
Stlth    +.........             (no amulet)
HPRegen  0.52/turn              d - ring of teleportation (curse)
MPRegen  0.08/turn              (no ring)

@: no status effects
A: large, unfitting armour, claws 3, regeneration 1, shaggy fur 1, tough skin 3
a: Renounce Religion


You were on level 3 of the Dungeon.
You worshipped Makhleb.
Makhleb was noncommittal.
You visited 1 branch of the dungeon, and saw 3 of its levels.

You collected 92 gold pieces.

Inventory:

Armour
 a - a +0 robe (worn)
Jewellery
 d - a cursed ring of teleportation (left claw)
Scrolls
 f - a scroll of amnesia {unknown}
 g - 2 scrolls of identify {unknown}
 j - a scroll of random uselessness {unknown}
 l - a scroll of noise {unknown}
 m - a scroll of fear {unknown}
Potions
 b - 2 potions of degeneration {unknown}
 c - a potion of might
 e - a potion of mutation {unknown}
 h - a potion of attraction {unknown}
 i - a potion of flight {unknown}
 k - a potion of resistance {unknown}


   Skills:
 + Level 2.9 Fighting
 + Level 1.2 Armour
 + Level 2.9 Dodging
 - Level 2.4 Shields
 + Level 2.7 Unarmed Combat


You had 2 spell levels left.
You didn't know any spells.
Your spell library was empty.

Dungeon Overview and Level Annotations

Branches:
Dungeon (3/15)

Altars:
Makhleb

Annotations:
D:3 Natasha


Innate Abilities, Weirdness & Mutations

You are too large for most types of armour.
You have claws for hands.
Your natural rate of healing is unusually fast.
You are covered in fur. (AC +1)
You have extremely tough skin. (AC +3)


Message History

The white imp gestures at you. The puff of frost hits you.
* * * LOW HITPOINT WARNING * * *
The white imp hits you but does no damage.
You scratch Natasha.
Natasha is moderately wounded.
The hobgoblin closely misses you. Natasha barely misses you.
A worm comes into view.
The white imp hits you but does no damage.
You closely miss Natasha.
Natasha is moderately wounded.
The white imp hits you but does no damage.
The white imp barely misses you. The hobgoblin barely misses you.
Natasha closely misses you. The white imp closely misses you.
You closely miss Natasha.
Natasha is moderately wounded.
The white imp misses you. The white imp gestures at you.
The puff of frost hits you!
You die...

#... .# #...
#####.# #...
....#.# #...
.....####
#.w######........
#..r...##........
#.hg5.††....###
#..@5..##.<...#
#.5.........#.#
#......##...# #
#.......#...#
#...........#
#...........#
#..#.#####..#
#..... ...# ##.#


You could see a worm, Natasha, 3 white imps, a quokka and a hobgoblin.

Vanquished Creatures
  An ufetubus (D:2)
  3 worms (D:2)
  A dart slug (D:1)
  2 leopard geckos (D:1)
  2 ball pythons
  6 bats
  4 giant cockroaches
  A hobgoblin (D:1)
  7 jackals
  7 kobolds
  3 frilled lizards
  5 goblins
  5 rats
47 creatures vanquished.

Notes
Turn   | Place    | Note
-------+----------+-------------------------------------------
     0 | D:1      | Gildeon the Troll Fighter began the quest for the Orb.
     0 | D:1      | Reached XP level 1. HP: 22/22 MP: 0/0
   152 | D:1      | Reached XP level 2. HP: 29/29 MP: 1/1
   446 | D:1      | Reached XP level 3. HP: 36/36 MP: 2/2
   963 | D:2      | Reached skill level 1 in Armour
  1652 | D:2      | Found a burning altar of Makhleb.
  1652 | D:2      | Noticed a balrug
  1655 | D:2      | Noticed an orange demon
  1655 | D:2      | Noticed a ynoxinul
  1657 | D:2      | Became a worshipper of Makhleb the Destroyer
  1679 | D:3      | Upgraded the game from 0.26.1-2-gb8aa6d0cf2 to
                  | 0.26.1-10-gdfb7c7de75
  1680 | D:3      | Noticed Natasha
  1698 | D:3      | Killed from afar by a white imp

Illustrated notes

Levels and vault maps discovered:
D:1:      matt_arrival_debris, layout_basic, minmay_distorted
D:2:      layout_loops_corners, makhleb_altar_promises_db
D:3:      minmay_razor_zed, layout_basic, gammafunk_ghost_mausoleum,
          uniq_natasha

Skill      XL: |  1  2  3 |
---------------+----------+-----
Armour         | 1 |  1.2
Fighting       | |  2.9
Dodging        | |  2.9
Shields        | |  2.4
Unarmed Combat | |  2.7

Action                   || total
-------------------------++-------
Melee: Unarmed           ||   117
       Punch             ||     1
 Stab: Sleeping          ||     1
Armor: Robe              ||    50
Dodge: Dodged            ||    64
